 Dungeon Crawl Stone Soup version 0.28.0-1-gb440e238dd (webtiles) character file.

Game seed: 3081436444998266495

147 cbfl8 the Sneak (level 5, -2/46 HPs)
             Began as a Minotaur Delver on Feb 23, 2022.
             Slain by a phantom (7 damage)
             ... on level 5 of the Dungeon.
             The game lasted 00:00:38 (309 turns).

cbfl8 the Sneak (Minotaur Delver)                    Turns: 309, Time: 00:00:39

Health: -2/46      AC:  6    Str: 19    XL:     5   Next: 8%
Magic:  4/4        EV: 10    Int:  7    God:
Gold:   0          SH:  0    Dex: 11    Spells: 4/4 levels left

rFire   . . .      SeeInvis .   a - +0 hand axe
rCold   . . .      Faith    .   (no shield)
rNeg    . . .      Spirit   .   h - +0 scale mail
rPois   .          Reflect  .   (helmet restricted)
rElec   .          Harm     .   (no cloak)
rCorr   .          Rampage  .   (no gloves)
Will    .....                   (no boots)
Stlth   ++........              (no amulet)
HPRegen 0.15/turn               (no ring)
MPRegen 0.09/turn               (no ring)

@: no status effects
A: horns 2, retaliatory headbutt
a: no special abilities


You were on level 5 of the Dungeon.
You visited 1 branch of the dungeon, and saw 1 of its levels.

Inventory:

Hand Weapons
 a - a +0 hand axe (weapon)
Armour
 b - a +0 leather armour
 h - a +0 scale mail (worn)
Wands
 g - a wand of digging (3)
Scrolls
 c - a scroll of fog
 d - a scroll of magic mapping
 e - a scroll of fear
Potions
 f - a potion of haste


   Skills:
 + Level 4.2 Fighting
 + Level 2.9 Axes
 + Level 0.5 Armour
 + Level 2.6 Dodging
 + Level 5.6 Stealth


You had 4 spell levels left.
You didn't know any spells.
Your spell library was empty.

Dungeon Overview and Level Annotations

Branches:
Dungeon (5/15)
 Temple: D:4-7

Altars:


Innate Abilities, Weirdness & Mutations

You have a pair of horns on your head.
You reflexively headbutt those who attack you in melee.


Message History

You slash the phantom! You headbutt the phantom!
The phantom is severely damaged.
The phantom hits you but does no damage.
The phantom closely misses you. You furiously retaliate!
You headbutt the phantom, but do no damage.
You closely miss the phantom.
The phantom is severely damaged.
The phantom hits you.
You completely miss the phantom.
The phantom is severely damaged.
The phantom hits you but does no damage.
You completely miss the phantom.
The phantom is severely damaged.
The phantom closely misses you.
You hit the phantom.
The phantom is severely damaged.
The phantom hits you.
The phantom blinks!
You blink.
You hit the phantom.
The phantom is severely damaged.
The phantom closely misses you. The phantom hits you.
You hit the phantom.
The phantom is severely damaged.
The phantom hits you.
* * * LOW HITPOINT WARNING * * *
You closely miss the phantom.
The phantom is severely damaged.
The phantom hits you.
* * * LOW HITPOINT WARNING * * *
The phantom blinks!
You blink.
You closely miss the phantom. Your headbutt misses the phantom.
The phantom is severely damaged.
The phantom hits you but does no damage.
You hit the phantom but do no damage. Your headbutt misses the phantom.
You punch the phantom, but do no damage.
The phantom is severely damaged.
The phantom hits you but does no damage.
You closely miss the phantom.
The phantom is severely damaged.
The phantom barely misses you. The phantom hits you!
You die...

.........####
####..#.....#
#.####..## #..
#....# #.. #.##.#
#. ... #.# ## #.
#.# #.## ... #).
#.W# ...$ ..
##@#### .(...
#.....#
......#######.....#
..................#
.$...[#######.....#
#...# ####### #.# .


You could see a phantom.

Vanquished Creatures
  A bullfrog skeleton (D:5)
  3 hounds (D:5)
  An orc wizard (D:5)
  4 orcs (D:5)
9 creatures vanquished.

Notes
Turn   | Place    | Note
-------+----------+-------------------------------------------
     0 | D:5      | cbfl8 the Minotaur Delver began the quest for the Orb.
     0 | D:5      | Reached XP level 1. HP: 19/19 MP: 0/0
    13 | D:5      | Noticed an orc wizard
    18 | D:5      | Killed an orc wizard
    19 | D:5      | Reached XP level 2. HP: 24/27 MP: 1/1
    19 | D:5      | Reached XP level 3. HP: 30/33 MP: 2/2
    29 | D:5      | Reached skill level 5 in Stealth
   277 | D:5      | Noticed a phantom
   278 | D:5      | Reached XP level 4. HP: 40/40 MP: 3/3
   290 | D:5      | Reached XP level 5. HP: 36/46 MP: 4/4
   309 | D:5      | Slain by a phantom

Illustrated notes

Levels and vault maps discovered:
D:5:      layout_rooms

Skill      XL: |  1  2  3 |
---------------+----------+-----
Stealth        | 5 |  5.6
Fighting       | 4 |  4.2
Axes           | |  2.9
Armour         | |  0.5
Dodging        | |  2.6

Action                   |  1- 3 |  4- 6 || total
-------------------------+-------+-------++-------
Melee: Hand axe          |    15 |    30 ||    45
       Headbutt          |     4 |     2 ||     6
       Punch             |       |     1 ||     1
Armor: Scale mail        |       |    12 ||    12
Dodge: Dodged            |    16 |    14 ||    30
